 Dungeon Crawl Stone Soup version 0.17.2-1-ge4368a0 (webtiles) character file.

1824 Goblin1989 the Slicer (level 8, 0/56 HPs)
             Began as a Demonspawn Assassin on Nov 26, 2016.
             Was an Initiate of Gozag.
             Slain by a black bear (2 damage)
             ... on level 7 of the Dungeon.
             The game lasted 00:25:38 (7280 turns).

Goblin1989 the Slicer (Demonspawn Assassin)         Turns: 7280, Time: 00:25:39

Health: 0/56       AC:  6    Str: 12    XL:     8   Next: 86%
Magic:  8/8        EV: 12    Int: 12    God:    Gozag
Gold:   525        SH:  0    Dex: 17    Spells: 0 memorised, 7 levels left

rFire  + . .     SeeInvis .     w - +0 blowgun {@w1}
rCold  + . .     Clarity  +     c - +0 robe
rNeg   . . .     SustAt   +     (no shield)
rPois  .         Gourm    .     (helmet unavailable)
rElec  .         Spirit   .     d - +1 cloak
rCorr  .         Warding  .     (no gloves)
rMut   .         Stasis   .     (no boots)
MR     .....                    r - amulet of inaccuracy (curse)
Stlth  +++.......               j - ring of sustain attributes
                                f - ring of protection from fire

@: not resistant to hostile enchantments, fairly stealthy
A: horns 3, slimy green scales 1, clarity, cold resistance 1, demonic guardian
1, spit poison 1
a: Spit Poison, Potion Petition, Call Merchant, Bribe Branch, Renounce Religion


You were on level 7 of the Dungeon.
You worshipped Gozag.
Gozag was noncommittal.
You were not hungry.

You visited 2 branches of the dungeon, and saw 8 of its levels.
You also visited: Ossuary.

You collected 621 gold pieces.
You paid 96 gold pieces to Gozag.

Inventory:

Hand Weapons
 a - a +3 dagger
 w - a +0 blowgun (weapon) {@w1}
Missiles
 e - 9 poisoned needles (quivered)
 i - a curare-tipped needle
Armour
 c - a +0 robe (worn)
 d - a +1 cloak (worn)
Jewellery
 f - a ring of protection from fire (left hand)
 j - a ring of sustain attributes (right hand)
 r - a cursed amulet of inaccuracy (around neck)
Wands
 o - a wand of random effects (26)
Scrolls
 h - a scroll of enchant weapon
 p - 2 scrolls of noise {!r}
 u - a scroll of immolation {!r}
 R - 2 scrolls of identify {@r1}
Potions
 b - 2 potions of flight {unknown}
 m - a potion of poison {unknown}
 n - 4 potions of brilliance
 q - 3 potions of curing {@q1}
 s - a potion of heal wounds {unknown}
Comestibles
 g - 3 bread rations {@e1}
 l - 3 meat rations {@e2}


   Skills:
 - Level 2.0 Fighting
 + Level 10.6 Short Blades
 - Level 1.7 Throwing
 - Level 0.8 Dodging
 - Level 3.6 Stealth


You had 7 spell levels left.
You didn't know any spells.

Dungeon Overview and Level Annotations

Branches:
Dungeon (7/15)             Temple (1/1) D:5

Altars:
Ashenzari
Cheibriados
Dithmenos
Elyvilon
Fedhas
Gozag
Kikubaaqudgha
Makhleb
Nemelex Xobeh
Okawaru
Qazlal
Ru
Sif Muna
Trog
Vehumet
Xom
Yredelemnul
Zin
The Shining One

Annotations:
D:3 Goblin1989's ghost, weakling FeTm


Innate Abilities, Weirdness & Mutations

You have a pair of large horns on your head.
You are partially covered in slimy green scales (AC +2).
A weak demonic guardian rushes to your aid.
You possess an exceptional clarity of mind.
Your flesh is cold resistant.
You can spit weak poison.


Message History

You take 26 damage, and have 24/56 hp.
MASSIVE DAMAGE!!
The black bear bites you!
* * * LOW HITPOINT WARNING * * *
The black bear claws you.
* * * LOW HITPOINT WARNING * * *
The black bear claws you.
* * * LOW HITPOINT WARNING * * *
You take 13 damage, and have 11/56 hp.
MASSIVE DAMAGE!!
Firing (i - inventory. (,) - cycle):
e - 10 poisoned needles (quivered)
Press: ? - help, Shift-Dir - straight line, f/p - black bear
Aim: a black bear (almost dead, berserk, fast, unusually strong, poisoned)
You shoot a poisoned needle.
The poisoned needle hits the black bear!
The black bear looks even sicker.
The black bear is almost dead.
The black bear bites you!
* * * LOW HITPOINT WARNING * * *
The black bear claws you.
You die...
Your body crumbles into a pile of gold. █████

█...█ █...█
█...█ █...█
█...█
██...███████████
█.........@h...█
█....█████████.█
█.(............█
█...(███████████
█.█.██ █.......█
███.█.██
█.█████<█
█......█ █.█ █.█
█......█ █.█ █.█
█......█ █.█ █.█


You could see a black bear (berserk).

Vanquished Creatures
  Menkaure (D:6)
  A sky beast (D:6)
  An orc warrior (D:5)
  A black bear (D:6)
  A centaur (D:7)
  6 ogres
  A giant frog (D:6)
  2 scorpions
  A centaur zombie (D:5)
  A crimson imp (D:5)
  2 hounds
  A jelly (D:5)
  2 orc priests
  A giant frog zombie (D:5)
  An iguana (D:6)
  A centaur skeleton (D:6)
  3 worker ants
  An orc wizard (D:5)
  A hound zombie (D:6)
  A hound skeleton (D:6)
  A mummy (Ossuary)
  A worker ant zombie (D:5)
  10 adders
  An ooze (D:1)
  2 adder zombies
  4 giant geckos
  12 orcs
  4 bats
  5 giant cockroaches
  7 goblins
  5 hobgoblins
  6 kobolds
  5 quokkas
  A ball python skeleton (D:4)
  6 giant newts
  3 jackals
  5 rats (D:1)
108 creatures vanquished.

Vanquished Creatures (collateral kills)
  A phantom (D:7)
  An ogre (D:6)
  An orc (D:7)
3 creatures vanquished.

Grand Total: 111 creatures vanquished

Notes
Turn   | Place    | Note
--------------------------------------------------------------
     0 | D:1      | Goblin1989 the Demonspawn Assassin began the quest for the Orb.
     0 | D:1      | Reached XP level 1. HP: 16/16 MP: 1/1
   202 | D:1      | Gained mutation: You have a pair of small horns on your head. [demonic ancestry]
   202 | D:1      | Reached XP level 2. HP: 11/22 MP: 2/2
   576 | D:1      | You fall through a shaft!
   586 | D:2      | Reached XP level 3. HP: 27/27 MP: 3/3
  1349 | D:3      | Noticed Goblin1989's ghost (weakling FeTm)
  1429 | D:3      | Reached skill level 4 in Short Blades
  1429 | D:3      | Gained mutation: You have a pair of horns on your head. [demonic ancestry]
  1429 | D:3      | Reached XP level 4. HP: 3/33 MP: 4/4
  1936 | D:4      | Noticed an ogre
  1942 | D:4      | Killed an ogre
  1942 | D:4      | Reached skill level 5 in Short Blades
  1942 | D:4      | Gained mutation: You have a pair of large horns on your head. [demonic ancestry]
  1942 | D:4      | Reached XP level 5. HP: 38/38 MP: 5/5
  2054 | D:4      | Found a sand-covered staircase.
  2070 | Ossuary  | Entered an ossuary
  2083 | Ossuary  | Noticed Goblin1989's ghost (novice DsMo)
  2183 | Ossuary  | Gained mutation: You can spit weak poison. [potion of mutation]
  2183 | Ossuary  | Gained mutation: Your flesh is cold resistant. [potion of mutation]
  2183 | Ossuary  | Gained mutation: You possess an exceptional clarity of mind. [potion of mutation]
  2192 | Ossuary  | HP: 1/38 [Goblin1989's ghost (11)]
  2735 | D:4      | Gained mutation: You are partially covered in slimy green scales (AC +2). [demonic ancestry]
  2735 | D:4      | Reached XP level 6. HP: 44/44 MP: 6/6
  3276 | D:5      | Entered Level 5 of the Dungeon
  3325 | D:5      | Reached skill level 6 in Short Blades
  3386 | D:5      | HP: 2/44 [poisoned by a worker ant]
  3684 | D:5      | Found a staircase to the Ecumenical Temple.
  3710 | Temple   | Entered the Ecumenical Temple
  3806 | Temple   | Became a worshipper of Gozag Ym Sagoz the Greedy
  3918 | D:5      | Found a deep blue altar of Sif Muna.
  3953 | D:5      | Reached skill level 7 in Short Blades
  3953 | D:5      | Reached XP level 7. HP: 50/50 MP: 7/7
  4942 | D:6      | Reached skill level 8 in Short Blades
  5072 | D:6      | Noticed Menkaure
  5132 | D:7      | Gained mutation: A weak demonic guardian rushes to your aid. [demonic ancestry]
  5132 | D:7      | Reached XP level 8. HP: 16/56 MP: 8/8
  5265 | D:6      | Reached skill level 9 in Short Blades
  5356 | D:6      | Found a shimmering altar of Xom.
  5400 | D:6      | Killed Menkaure
  5821 | D:6      | Found a blossoming altar of Fedhas.
  6164 | D:6      | Reached skill level 10 in Short Blades
  7280 | D:7      | HP: 2/56 [black bear (9)]
  7280 | D:7      | Slain by a black bear

Action                   |  1- 3 |  4- 6 |  7- 9 || total
-------------------------+-------+-------+-------++-------
Melee: Dagger            |   120 |   133 |   184 ||   437
 Fire: Blowgun           |     4 |    17 |    89 ||   110
  Use: Scroll            |     3 |     5 |     3 ||    11
       Potion            |       |     5 |     1 ||     6
 Stab: Sleeping          |    12 |     4 |       ||    16
       Distracted        |       |       |     4 ||     4
  Eat: Chunk             |       |     6 |       ||     6
       Beef jerky        |       |     1 |     2 ||     3
       Royal jelly       |       |     1 |       ||     1
       Bread ration      |       |       |     2 ||     2

Vault maps used:
D:1:      matt_arrival_debris
D:2:      first_bread, minmay_statues_item
D:4:      serial_bayou, serial_bayou_lake_a, serial_bayou_pond_e,
          serial_bayou_lagoon_a, serial_bayou_pond_e, enter_ossuary_3
D:5:      led_sif_pool, minmay_temple_entry_junction2
D:6:      basic_altar, fedhas_altar_3, uniq_menkaure
Temple:   kilobyte_greek_temple_18
Ossuary:  ossuary_crypta
